AoeStats
← n8gallagher

Arena

509442511Analyzed
1v1 RM · 4d ago on Sep 26, 2026· 58m 31s· 2 players
Game mode
Random Map
Map size
Tiny (2 player)
Population
200
Speed
Normal
Resources
Standard
Victory
Conquest
Starting age
Dark Age
Ending age
Imperial Age
RankedLock teamsTeams togetherTeam positionsShared explorationLock speedFull tech treeHidden civsTurbo modeCheats
Victory
Defeat
🇺🇸 Bohemians · United States
494
+18
🇬🇧 Portuguese · United Kingdom
536
-18
n8gallagher
11:05 Feudal Age
16:36 Castle Age
14:24 Loom
15:50 Wheelbarrow
15:15 Town Watch
17:15 Double-Bit Axe
17:13 Horse Collar
19:03 Pikeman
20:52 Squires
20:54 Scale Mail Armor
22:21 Chain Mail Armor
23:05 Bow Saw
27:27 Forging
27:21 Heavy Plow
30:11 Town Patrol
31:15 Hand Cart
35:35 Imperial Age
34:50 Wagenburg Tactics
35:38 Onager
35:44 Halberdier
37:59 Plate Mail Armor
38:05 Iron Casting
40:07 Conscription
40:33 Hussite Reforms
41:51 Chemistry
42:43 Blast Furnace
42:57 Houfnice
Yido4eva
10:25 Feudal Age
13:20 Horse Collar
13:32 Double-Bit Axe
14:17 Bloodlines
22:24 Castle Age
23:55 Forging
23:51 Scale Barding Armor
30:38 Imperial Age
29:31 Treadmill Crane
30:03 Masonry
30:32 Fortified Wall
31:52 Conscription
33:21 Chemistry
38:26 Bombard Tower
38:49 Light Cavalry
39:31 Husbandry
40:03 Chain Barding Armor
40:25 Iron Casting
41:07 Siege Engineers
44:21 Arquebus
45:34 Loom
45:36 Town Watch
48:31 Cavalier
51:35 Murder Holes
52:01 Ballistics
53:41 Plate Barding Armor
54:07 Blast Furnace
Connection lost

Rejoining the realm…

Still unreachable

The connection could not be restored.

Session expired

The server has moved on; the page needs a fresh start.